Map: Lerilak Crest

Players

OldManSlum

  • Race: Zerg Zerg
  • League: Grandmaster

MorN - Winner!

  • Race: Terran Terran
  • League: Master

VOD

Have the link to the VOD?

Description

Time

  • Played on: Jan. 18, 2016, 8:27 p.m.
  • Length: 16:53
Show
View Real Time Build Order
Export as new Build Order

OldManSlum Zerg 

Build Orders: Hatch First, Muta Ling Bane 

Get SALT Encoding   

  12  0:00  Drone  
  13  0:12  Overlord  
  13  0:16  Drone  
  14  0:30  Drone x2  
  14  0:35  Drone  
  17  0:52  Hatchery  
  17  0:56  Drone  
  17  1:10  Spawning Pool  
  16  1:14  Drone  
  16  1:18  Extractor  
  16  1:19  Drone  
  16  1:22  Drone  
  18  1:28  Drone  
  19  1:39  Overlord  
  19  1:57  Queen  
  19  1:58  Zergling x2  
  19  2:00  Zergling x2  
  23  2:04  Queen  
  23  2:05  Zergling x2  
  26  2:11  Drone  
  27  2:15  Drone  
  27  2:20  Metabolic Boost  
  27  2:22  Drone  
  29  2:33  Drone x2  
  30  2:40  Queen  
  32  2:45  Drone  
  32  2:46  Drone  
  34  2:52  Drone  
  35  3:06  Hatchery, Overlord  
  35  3:07  Overlord  
  33  3:16  Drone x2  
  35  3:27  Drone x2  
  37  3:35  Drone x4  
  37  3:36  Queen  
  37  3:37  Queen  
  45  3:45  Drone x2  
  47  3:53  Overlord  
  47  3:54  Overlord  
  47  4:09  Drone  
  51  4:10  Drone x4, Spine Crawler  
  51  4:19  Drone x2, Queen  
  51  4:20  Drone x3  
  51  4:23  Overlord, Zergling x2  
  51  4:24  Zergling x2  
  60  4:35  Drone x2  
  60  4:36  Evolution Chamber x2, Drone x3  
  63  4:40  Overlord  
  63  4:42  Overlord  
  63  4:52  Overlord  
  63  4:53  Zergling x4  
  63  4:54  Zergling x4  
  67  5:02  Spore Crawler  
  67  5:03  Spore Crawler  
  67  5:04  Spore Crawler  
  67  5:05  Drone  
  67  5:06  Zerg Ground Armor Level 1, Zerg Melee Weapons Level 1  
  65  5:08  Drone  
  66  5:19  Zergling x16  
  66  5:20  Zergling x2  
  75  5:24  Lair  
  75  5:29  Zergling x2  
  75  5:30  Zergling x10  
  75  5:32  Zergling x2  
  75  5:33  Zergling x4  
  82  5:51  Baneling Nest  
  75  5:59  Zergling x4  
  75  6:00  Zergling x6  
  75  6:01  Drone  
  75  6:02  Drone  
  81  6:12  Extractor  
  81  6:13  Extractor  
  81  6:14  Extractor  
  81  6:15  Extractor  
  81  6:16  Extractor  
  76  6:19  Hatchery  
  76  6:21  Drone x2  
  76  6:22  Drone x3  
  76  6:23  Drone x2  
  76  6:24  Overlord x3  
  82  6:32  Queen  
  81  6:44  Drone  
  81  6:45  Drone  
  81  6:46  Drone x3  
  86  6:47  Drone x3  
  86  6:48  Drone x3  
  86  6:50  Zergling x2  
  86  6:51  Spire  
  92  6:59  Zergling x8  
  92  7:00  Zergling x6  
  94  7:05  Zergling x4  
  94  7:06  Baneling x5  
  94  7:07  Baneling  
  95  7:11  Zergling x2  
  96  7:18  Zerg Melee Weapons Level 2  
  96  7:20  Hatchery, Zergling x10  
  99  7:31  Zergling x10  
  99  7:34  Drone x4  
  99  7:35  Drone x2  
  109  7:58  Drone x2  
  111  8:01  Overlord x4  
  111  8:04  Centrifical Hooks  
  111  8:05  Mutalisk, Zerg Ground Armor Level 2  
  110  8:07  Overlord x3  
  112  8:19  Zergling x12  
  120  8:20  Zergling x10  
  120  8:25  Zergling x8  
  120  8:26  Zergling x2  
  126  8:28  Overseer  
  126  8:29  Mutalisk  
  126  8:32  Mutalisk x3  
  126  8:33  Mutalisk  
  136  8:41  Baneling x4  
  131  8:51  Mutalisk x3  
  131  8:52  Mutalisk  
  132  8:58  Zergling x12  
  132  9:02  Queen  
  135  9:05  Baneling x3  
  137  9:10  Baneling x3  
  137  9:11  Baneling  
  137  9:15  Zergling x18  
  137  9:16  Infestation Pit, Zergling x4  
  147  9:26  Zergling x8  
  147  9:27  Zergling x2  
  147  9:29  Baneling x3  
  148  9:42  Zergling x12  
  148  9:43  Zergling x8  
  148  9:47  Extractor  
  148  9:48  Mutalisk x4, Extractor  
  154  9:53  Hive  
  154  9:54  Zergling x2  
  154  9:55  Zergling x2  
  146  10:15  Zergling x2  
  146  10:16  Zergling x20  
  132  10:38  Zergling x2  
  132  10:39  Zergling x34  
  145  10:49  Drone x3  
  150  10:50  Drone x2  
  150  10:51  Drone x3  
  150  10:53  Zergling x2  
  153  11:03  Drone x3  
  156  11:05  Zerg Ground Armor Level 3, Zerg Melee Weapons Level 3  
  156  11:06  Adrenal Glands  
  156  11:08  Pathogen Glands  
  156  11:10  Ultralisk Cavern, Baneling  
  156  11:11  Baneling x6  
  155  11:15  Overseer  
  155  11:23  Overseer  
  155  11:25  Baneling x6  
  152  11:40  Corruptor x2  
  136  11:48  Corruptor x3  
  142  12:00  Corruptor x4  
  150  12:08  Chitinous Plating  
  150  12:09  Hatchery  
  150  12:11  Baneling  
  150  12:14  Baneling x4  
  150  12:15  Zergling x8  
  150  12:16  Zergling x10  
  151  12:29  Corruptor x4  
  136  12:32  Zergling x8  
  136  12:38  Zergling x8  
  136  12:41  Corruptor  
  132  12:54  Zergling x8  
  132  13:02  Ultralisk  
  132  13:04  Overseer x3  
  137  13:08  Baneling x4  
  137  13:09  Baneling x2  
  137  13:10  Baneling x2  
  137  13:11  Zergling x6  
  136  13:15  Zergling x6  
  136  13:26  Overlord x3  
  124  13:31  Zergling x2  
  124  13:32  Zergling x8  
  115  13:38  Zergling x2  
  115  13:39  Zergling x6  
  114  13:45  Ultralisk  
  118  13:53  Baneling x5  
  118  13:54  Infestor x3  
  124  13:56  Queen  
  126  14:03  Zergling x4  
  126  14:04  Zergling x8  
  126  14:08  Overseer x2  
  132  14:11  Zergling x8  
  132  14:16  Zergling x2  
  132  14:17  Zergling x4  
  139  14:24  Baneling x2  
  139  14:25  Baneling x2  
  139  14:28  Overlord x2  
  134  14:52  Ultralisk x2  
  121  14:57  Zergling x2  
  121  14:58  Zergling x10  
  117  15:02  Zergling x4  
  113  15:08  Zergling x8  
  113  15:13  Zergling x8  
  107  15:17  Zergling x6  
  107  15:20  Zergling x2  
  107  15:21  Zergling x2  
Show
View Real Time Build Order
Export as new Build Order

MorN Terran - Winner!

Build Orders: Reaper Expand, MMM Bio 

Get SALT Encoding   

  12  0:01  SCV  
  13  0:13  SCV  
  14  0:17  Supply Depot  
  14  0:25  SCV  
  15  0:39  SCV  
  15  0:40  Barracks  
  16  0:46  Refinery  
  16  0:51  SCV  
  17  1:03  SCV  
  18  1:15  SCV  
  19  1:29  Reaper, Orbital Command  
  20  1:43  Command Center  
  20  1:55  Supply Depot, SCV  
  21  2:02  Barracks Reactor  
  21  2:08  Barracks  
  21  2:12  SCV  
  22  2:22  Barracks  
  22  2:27  SCV  
  23  2:39  SCV  
  24  2:45  Marine x2  
  24  2:51  SCV  
  27  2:55  Orbital Command  
  26  3:02  Barracks Tech Lab  
  26  3:03  SCV  
  26  3:04  Refinery, Marine x2  
  29  3:10  Factory  
  29  3:15  SCV  
  30  3:21  SCV, Marine  
  30  3:24  Stimpack, Marine  
  33  3:30  SCV  
  33  3:33  SCV  
  35  3:35  Marine  
  35  3:39  Marine x2  
  38  3:42  SCV  
  38  3:45  SCV  
  40  3:49  Marine  
  40  3:53  Supply Depot  
  40  3:54  SCV  
  42  3:57  SCV  
  42  4:01  Marine x2  
  45  4:03  Starport  
  45  4:04  Factory Reactor  
  45  4:07  SCV, Marine  
  46  4:14  SCV  
  46  4:15  Marine  
  48  4:18  Supply Depot  
  48  4:19  SCV, Marine  
  50  4:28  Marine x2  
  50  4:29  SCV  
  53  4:33  Marine  
  54  4:39  Marine  
  54  4:40  SCV  
  54  4:43  SCV  
  57  4:47  Supply Depot, Medivac x2  
  57  4:52  SCV  
  62  4:58  Factory Reactor  
  62  5:00  Barracks Reactor  
  62  5:05  Command Center  
  62  5:08  Marine  
  62  5:12  Marine x2  
  65  5:15  SCV  
  65  5:18  Engineering Bay  
  65  5:19  Engineering Bay  
  65  5:20  Refinery x2  
  66  5:25  SCV  
  66  5:26  Marine  
  68  5:28  Combat Shields  
  68  5:32  Supply Depot  
  68  5:33  SCV  
  69  5:37  SCV  
  69  5:39  Bunker  
  70  5:54  Medivac x2  
  74  5:58  SCV x2  
  74  6:01  Marine x2  
  75  6:08  Marine  
  75  6:10  SCV  
  75  6:11  Terran Infantry Weapons Level 1, Terran Infantry Armor Level 1, SCV  
  66  6:13  Supply Depot  
  66  6:15  Widow Mine x2, Marine x2  
  73  6:23  Orbital Command  
  73  6:24  Medivac  
  75  6:29  Marine x2  
  77  6:36  SCV  
  77  6:37  Marine  
  77  6:38  Marine x2  
  81  6:41  SCV  
  81  6:43  Barracks  
  81  6:44  Orbital Command  
  81  6:45  Barracks  
  81  6:47  Widow Mine, Marine x2  
  82  6:50  Medivac  
  88  7:00  Marine x2  
  90  7:06  Marine x2  
  93  7:08  SCV  
  93  7:11  SCV x2  
  95  7:17  Widow Mine  
  95  7:19  Marine  
  95  7:20  Marauder, Marine  
  101  7:24  Armory  
  101  7:25  SCV  
  101  7:28  Marine x2  
  100  7:33  Barracks Reactor x2  
  100  7:37  SCV  
  100  7:43  Supply Depot x3  
  101  7:57  Missile Turret x2  
  101  8:00  Marine  
  101  8:01  SCV  
  101  8:04  SCV x2, Medivac x2, Marine x3  
  101  8:05  Marauder  
  112  8:11  Terran Infantry Weapons Level 2, Terran Infantry Armor Level 2  
  112  8:13  SCV  
  112  8:17  Marine x2  
  112  8:18  Marine  
  116  8:22  Marine x3  
  116  8:26  Marine  
  120  8:31  Marine x2  
  122  8:35  Marine x2  
  122  8:40  Barracks  
  124  8:41  Barracks  
  124  8:45  Barracks  
  124  8:46  Marauder  
  124  8:48  Medivac  
  125  8:52  Medivac  
  125  8:53  Marine x2  
  121  9:03  Marine x2  
  121  9:04  Marine  
  121  9:07  Supply Depot, Terran Ship Weapons Level 1  
  121  9:09  SCV  
  125  9:13  Command Center, Starport  
  125  9:14  Refinery x2  
  125  9:15  Supply Depot, Missile Turret  
  125  9:17  Supply Depot  
  125  9:27  Supply Depot x2  
  125  9:29  SCV, Marine x7  
  133  9:36  Marine  
  136  9:42  Marine, Liberator x2  
  131  9:47  Marine x4  
  131  9:48  Barracks Reactor, Barracks Tech Lab  
  131  9:51  Barracks Tech Lab  
  132  9:56  Starport Reactor  
  138  10:04  Marine x3  
  138  10:06  Marine x2  
  138  10:07  Marauder  
  145  10:19  Liberator, Marine  
  142  10:22  Widow Mine x2, Marine x3  
  142  10:23  Marauder  
  142  10:24  Liberator  
  142  10:25  Liberator  
  115  10:33  Marine  
  115  10:34  Marine  
  115  10:36  Medivac  
  115  10:41  Marauder, Marine x6  
  115  10:42  Marine  
  129  10:44  Marine x2  
  129  10:49  Liberator  
  131  10:51  Widow Mine  
  124  10:59  Marine x3  
  125  11:04  Marine x4  
  125  11:05  Widow Mine  
  125  11:09  Terran Infantry Weapons Level 3  
  125  11:11  Terran Infantry Armor Level 3  
  130  11:21  Planetary Fortress  
  130  11:25  Marine x2  
  130  11:31  Missile Turret  
  131  11:33  SCV x2  
  131  11:34  SCV  
  130  11:40  Marine x2  
  130  11:42  Missile Turret  
  130  11:45  SCV  
  130  11:46  Marine x3  
  136  11:47  Medivac x2  
  136  11:53  Marine x4  
  144  11:58  Marine x2  
  144  11:59  Medivac  
  148  12:07  Marauder, Marine x2  
  148  12:08  Marine x4  
  156  12:16  Marauder  
  156  12:18  Marine x2  
  156  12:19  Marine x2  
  150  12:27  Marauder  
  150  12:29  Marauder  
  131  12:30  Marine x4  
  131  12:31  Widow Mine x2  
  131  12:35  Ghost Academy, Refinery  
  131  12:36  Refinery  
  124  12:38  Marauder  
  124  12:40  Marine x2  
  124  12:43  Marine x4  
  127  12:48  Marauder, Marine x4  
  127  12:50  Marauder  
  132  12:58  Marine x2  
  129  12:59  Widow Mine, Marine  
  129  13:01  Marine x4  
  138  13:06  Marine x2  
  138  13:07  Marine  
  138  13:10  Marine  
  138  13:12  Marauder  
  146  13:16  Marine x2  
  146  13:17  Marauder  
  146  13:18  Marine, Widow Mine  
  146  13:19  Ghost  
  136  13:32  Ghost  
  136  13:33  Marine  
  130  13:37  Marine x2  
  130  13:38  Marauder  
  126  13:41  Marine  
  126  13:42  Marine x4  
  126  13:43  Medivac, Widow Mine  
  126  13:45  Medivac  
  126  13:46  Widow Mine  
  130  13:48  Marauder  
  130  13:59  Marine x3  
  130  14:00  Marauder  
  130  14:01  Marauder  
  137  14:03  Marine x4  
  141  14:11  Medivac x2, Widow Mine  
  141  14:13  Medivac  
  141  14:15  Medivac, Widow Mine  
  153  14:20  Marine x3  
  156  14:26  Ghost  
  156  14:27  Ghost  
  156  14:29  Marine  
  156  14:30  Marauder  
  163  14:32  Marine  
  163  14:36  Orbital Command  
  157  14:51  Marauder  
  117  14:56  Marine x3  
  117  14:57  Marine x3  
  117  14:58  Marauder  
  119  15:04  Medivac x2  
  123  15:13  Marauder, Marine x2  
  125  15:19  Marine x2  
  125  15:20  Marauder  
Tags
 
Add a new tag
Caveats
  • Supply blocks, unpowered buildings, or Contaminate may cause inaccurate times.
  • Supply counts are checked every 10 seconds.